 Dungeon Crawl Stone Soup version 0.17-a0-1976-g482a304 (webtiles) character file.

72 Kangaxx the Magician (level 4, -4/24 HPs)
             Began as a Deep Elf Wizard on Oct 5, 2015.
             Killed by divine providence
             ... invoked by an orc priest
              (10 damage)
             ... on level 3 of the Dungeon.
             The game lasted 00:05:19 (1938 turns).

Kangaxx the Magician (Deep Elf Wizard)              Turns: 1938, Time: 00:05:19

Health: -4/24      AC:  3    Str:  4    XL:     4   Next: 7%
Magic:  11/12      EV: 13    Int: 24    God:
Gold:   164        SH:  0    Dex: 13    Spells: 5 memorised, 1 level left

rFire  . . .     SeeInvis .     n - +0 hunting sling
rCold  . . .     Clarity  .     a - +0 robe
rNeg   . . .     SustAt   .     (no shield)
rPois  .         Gourm    .     b - +0 hat
rElec  .         Spirit   .     (no cloak)
rCorr  .         Warding  .     (no gloves)
rMut   .         Stasis   .     p - +0 pair of boots
MR     .....                    (no amulet)
Stlth  ++........               (no ring)
                                (no ring)

@: very slightly contaminated, not resistant to hostile enchantments, unstealthy
A: no striking features
a: no special abilities


You were on level 3 of the Dungeon.
You were not hungry.

You visited 1 branch of the dungeon, and saw 3 of its levels.

You collected 164 gold pieces.

Inventory:

Hand Weapons
 n - a +0 hunting sling (weapon)
Missiles
 o - 20 stones (quivered)
Armour
 a - a +0 robe (worn)
 b - a +0 hat (worn)
 j - a +2 pair of boots
 p - a +0 pair of boots (worn)
Scrolls
 e - a scroll of blinking {unknown}
 f - a scroll of recharging {unknown}
 h - 2 scrolls of teleportation {unknown}
 i - a scroll of remove curse {unknown}
Potions
 g - 4 potions of heal wounds {unknown}
 k - a potion of lignification {unknown}
 l - a potion of degeneration {unknown}
 m - a potion of ambrosia {unknown}
Books
 c - a book of Minor Magic

   Spells                             Type                      Level
   a - Magic Dart                     Conjuration                  1
   b - Blink                          Translocation                2
   c - Call Imp                       Summoning                    2
   d - Repel Missiles                 Charms/Air                   2
   e - Slow                           Hexes                        2
   f - Conjure Flame                  Conjuration/Fire             3
   g - Mephitic Cloud                 Conjuration/Poison/Air       3
Comestibles
 d - 4 bread rations
 q - a chunk of flesh


   Skills:
 + Level 3.2 Dodging
 + Level 3.2 Stealth
 + Level 4.8 Spellcasting
 * Level 2.9 Conjurations
 + Level 0.0 Charms
   Level 1.1 Summonings
 + Level 1.1 Translocations
 + Level 0.0 Fire Magic
 + Level 0.2 Air Magic
 + Level 0.4 Poison Magic


You had one spell level left.
You knew the following spells:

 Your Spells              Type           Power        Failure   Level  Hunger
a - Magic Dart            Conj           ###.         2%          1    None
b - Blink                 Tloc           N/A          12%         2    None
c - Repel Missiles        Chrm/Air       #.....       14%         2    None
e - Conjure Flame         Conj/Fire      ##......     17%         3    ##.....
h - Mephitic Cloud        Conj/Pois/Air  ##......     21%         3    ##.....


Dungeon Overview and Level Annotations

Branches:
Dungeon (3/15)

Altars:
Zin


Message History

The magic dart hits the orc.
The orc is moderately wounded.
The orc completely misses you.
Unknown command.
The orc priest mumbles some strange prayers to Beogh against you.
Something smites you!
Ouch! That really hurt!
* * * LOW HITPOINT WARNING * * *
Casting: Magic Dart
Confirm with . or Enter, or press ? or * to list all spells.
Aiming: Conjure Flame
Press: ? - help, Dir - move target cursor, f/p - orc
Aim: an orc, wielding an enchanted dagger and wearing a glowing ring mail (lightly wounded)
Okay, then.
Casting: Conjure Flame
Confirm with . or Enter, or press ? or * to list all spells.
Okay, then.
The orc priest invokes the aid of Beogh against you.
Something smites you!
You die...

#.......#.........# #.....
###.###.##..#####.# #.....
#.#.#.#.......#.######.....
#.#.#.#.#####.#.#..........
#...#.#.......#.#.#####.###
#########.#.#########.# #.#
..............# #.# #.#
#########.#.#.#######.#######.#
#.. #.#.#.#.@o..oo........#
###.#####.#.#.#.#####.#########
..(.......#.#.#. #..o.o..#
............#.## #######(#
....#####...#.# #(# ....#
#.#.#.# #.# ....# #.#.#.# #o#
#'### #.#.#.# #(#
#.#######.#.#.# #(#


You could see an orc priest and 2 orcs.

Vanquished Creatures
  2 adders
  2 worms
  An orc (D:3)
  2 ball pythons
  7 bats
  A giant cockroach (D:3)
  2 hobgoblins (D:2)
  4 jackals (D:2)
  4 kobolds
  2 giant geckos
  4 giant newts
  8 goblins
  5 rats
44 creatures vanquished.

Notes
Turn   | Place    | Note
--------------------------------------------------------------
     0 | D:1      | Kangaxx the Deep Elf Wizard began the quest for the Orb.
     0 | D:1      | Reached XP level 1. HP: 10/10 MP: 7/7
   268 | D:1      | Reached XP level 2. HP: 7/15 MP: 5/9
   852 | D:2      | Found a faded altar to an unknown god.
   985 | D:2      | Reached XP level 3. HP: 19/19 MP: 6/11
  1469 | D:3      | Learned a level 2 spell: Blink
  1472 | D:3      | Learned a level 2 spell: Repel Missiles
  1476 | D:3      | Learned a level 3 spell: Mephitic Cloud
  1480 | D:3      | Learned a level 3 spell: Conjure Flame
  1639 | D:3      | Found a glowing silver altar of Zin.
  1881 | D:3      | Reached XP level 4. HP: 22/24 MP: 7/12
  1938 | D:3      | Killed from afar by an orc priest

Vault maps used:
D:1:      lemuel_arrival_hallway
D:2:      ecumenical_altar_1, nicolae_underground_beach
D:3:      nicolae_overflow_hidden_temple, uniq_iyjb

Action                   |  1- 3 |  4- 6 || total
-------------------------+-------+-------++-------
Melee: Unarmed           |     2 |       ||     2
 Fire: Hunting sling     |    15 |     8 ||    23
 Cast: Magic Dart        |    95 |     3 ||    98
       Conjure Flame     |     1 |       ||     1
       Repel Missiles    |     1 |       ||     1
  Eat: Chunk             |     3 |       ||     3
